 Dungeon Crawl Stone Soup version 0.27.0-1-g7a089689b8 (webtiles) character file.

Game seed: 16735134350191894164

14 gimp the Sneak (level 2, -2/24 HPs)
             Began as a Human Delver on Aug 10, 2021.
             Slain by a gnoll (10 damage)
             ... on level 2 of the Dungeon.
             The game lasted 00:01:02 (513 turns).

gimp the Sneak (Human Delver)                        Turns: 513, Time: 00:01:02

Health: -2/24      AC:  3    Str: 12    XL:     2   Next: 60%
Magic:  2/2        EV: 12    Int: 10    God:
Gold:   7          SH:  0    Dex: 14    Spells: 1/1 levels left

rFire    . . .     SeeInvis .   a - +0 mace
rCold    . . .     Faith    .   (no shield)
rNeg     . . .     Spirit   .   b - +0 leather armour
rPois    .         Reflect  .   (no helmet)
rElec    .         Harm     .   (no cloak)
rCorr    .         Rampage  .   (no gloves)
Will     .....                  (no boots)
Stlth    +++.......             (no amulet)
HPRegen  0.08/turn              (no ring)
MPRegen  0.08/turn              (no ring)

@: no status effects
A: no striking features
a: no special abilities


You were on level 2 of the Dungeon.
You visited 1 branch of the dungeon, and saw 4 of its levels.

You collected 7 gold pieces.

Inventory:

Hand Weapons
 a - a +0 mace (weapon)
Armour
 b - a +0 leather armour (worn)
Jewellery
 h - a ring of wizardry
Wands
 g - a wand of digging (3)
Scrolls
 c - 2 scrolls of fog
 d - a scroll of magic mapping
 e - a scroll of fear
Potions
 f - a potion of haste
 i - a potion of resistance {unknown}


   Skills:
 + Level 3.2 Fighting
 * Level 2.5 Maces & Flails
 + Level 0.8 Armour
 - Level 2.0 Dodging
 - Level 5.0 Stealth


You had one spell level left.
You didn't know any spells.
Your spell library was empty.

Dungeon Overview and Level Annotations

Branches:
Dungeon (5/15)
 Temple: D:4-7

Altars:


Message History

A quokka is nearby!
The helpless quokka fails to defend itself.
You hit the quokka.
The quokka is almost dead.
The quokka bites you but does no damage. x2
You barely miss the quokka.
The quokka is almost dead.
The quokka barely misses you.
You barely miss the quokka.
The quokka is almost dead.
The quokka closely misses you. The quokka barely misses you.
A quokka is nearby!
You hit the quokka.
You kill the quokka!
No target in view!
A gnoll comes into view. It is wielding a +0 flail.
A gnoll is nearby!
Your leather armour prevents you from hitting the gnoll.
The gnoll hits you with a +0 flail!
You take 8 damage, and have 16/24 hp.
MASSIVE DAMAGE!!
You barely miss the gnoll. The gnoll hits you with a +0 flail!
You take 7 damage, and have 9/24 hp.
MASSIVE DAMAGE!!
You are too injured to fight recklessly!
You are too injured to fight recklessly!
The gnoll hits you with a +0 flail.
* * * LOW HITPOINT WARNING * * *
You take 2 damage, and have 7/24 hp.
Okay, then.
There is a stone staircase leading down here.
You see here 16 stones.
The gnoll hits you with a +0 flail!
* * * LOW HITPOINT WARNING * * *
You take 9 damage, and have 7/24 hp.
MASSIVE DAMAGE!!
You are too injured to fight recklessly!
You are too injured to fight recklessly!
You hit the gnoll but do no damage. The gnoll closely misses you.
You hit the gnoll.
The gnoll is moderately wounded.
The gnoll hits you with a +0 flail!
You die...

#...#........#
#.#
#...##########
#.# #...# #.#
....#
##########.#
.#..#
#..........# .
..###.########.#
## ..#........#
#.# #.#.####.#
#.# #.#@#
#.#♣♣♣♣♣♣
#.#g####........
#.........♣♣♣♣♣♣
#..............
##..#####.#....
#....# .#.###
#.#.## .# #
#.#.. .. . ..#
..


You could see a gnoll.

Vanquished Creatures
  An adder (D:2)
  A ball python (D:3)
  An endoplasm (D:2)
  A goblin (D:3)
  A quokka (D:2)
5 creatures vanquished.

Notes
Turn   | Place    | Note
-------+----------+-------------------------------------------
     0 | D:5      | gimp the Human Delver began the quest for the Orb.
     0 | D:5      | Reached XP level 1. HP: 18/18 MP: 1/1
    35 | D:4      | Noticed a jelly
   366 | D:2      | Reached XP level 2. HP: 24/24 MP: 2/2
   513 | D:2      | Slain by a gnoll

Illustrated notes

Levels and vault maps discovered:
D:2:      layout_basic, serial_forest, infiniplex_forest_lined_room_2,
          infiniplex_forest_straight_3, infiniplex_forest_straight_3,
          infiniplex_forest_zigzag_1, infiniplex_forest_end_3,
          infiniplex_forest_straight_1, infiniplex_forest_straight_1,
          kennysheep_generic_room_14, uniq_terence
D:3:      layout_loops_cross
D:4:      layout_cave_pods, minmay_temple_entry_statues, gup_sewer_entry_bowl
D:5:      layout_loops_ring, kennysheep_mini_moat

Action                   || total
-------------------------++-------
Melee: Mace              ||    20
 Stab: Sleeping          ||     3
Armor: Leather armour    ||     4
Dodge: Dodged            ||    14
